 Dungeon Crawl Stone Soup version 0.32-a0-898-g7811c86cf0 (webtiles) character file.

Game seed: 8019623828670671453

993 Biggs the Skirmisher (level 8, 0/58 HPs)
             Began as a Coglin Hunter on Apr 4, 2024.
             Was a Follower of Okawaru.
             Slain by an orc warrior
             ... wielding a +0 glaive
              (17 damage)
             ... on level 6 of the Dungeon.
             The game lasted 00:04:07 (3656 turns).

Biggs the Skirmisher (Coglin Hunter)                Turns: 3656, Time: 00:04:07

Health: 0/58       AC:  4    Str: 11    XL:     8   Next: 19%
Magic:  8/8        EV: 11    Int:  8    God:    Okawaru [*.....]
Gold:   301        SH:  0    Dex: 21    Spells: 7/7 levels left

rFire   . . .        a - +2 sling {Mei}
rCold   . . .        d - +0 sling {Deepnoor}
rNeg    . . .        c - +0 leather armour
rPois   .            u - +1 hat {Will+}
rElec   .            (no cloak)
rCorr   .            (no gloves)
SInv    .            (no boots)
Will    +....        (amulet unavailable)
Stlth   ++           (ring unavailable)
HPRegen 0.29/turn    (ring unavailable)
MPRegen 0.11/turn    (no gizmo)

%: no passive effects
@: revved
A: off-hand wielding, slow wielding, warmup strikes, no jewellery
a: Invent Gizmo, Renounce Religion, Heroism


You were on level 6 of the Dungeon.
You worshipped Okawaru.
Okawaru was aware of your devotion.
You visited 2 branches of the dungeon, and saw 7 of its levels.

You collected 301 gold pieces.

Inventory:

Hand Weapons
 a - a +2 sling (weapon) {Mei}
 d - a +0 sling (offhand) {Deepnoor}
Armour
 c - a +0 leather armour (worn)
 u - a +1 hat of willpower (worn)
Wands
 v - a wand of polymorph (13)
 x - a wand of light (14)
Scrolls
 b - a scroll of butterflies
 f - a scroll of brand weapon {unknown}
 g - a scroll of revelation {unknown}
 j - 3 scrolls of teleportation {unknown}
 k - 4 scrolls of identify {unknown}
 l - a scroll of enchant armour {unknown}
 m - a scroll of noise {unknown}
 o - 2 scrolls of amnesia {unknown}
 r - 3 scrolls of enchant weapon {unknown}
 s - a scroll of fog {unknown}
 y - a scroll of torment {unknown}
Potions
 e - 2 potions of brilliance {unknown}
 h - a potion of resistance {unknown}
 i - 2 potions of mutation {unknown}
 n - a potion of might {unknown}
 p - 3 potions of heal wounds {unknown}
 q - 2 potions of enlightenment {unknown}
 t - a potion of curing {unknown}
 w - a potion of cancellation {unknown}


   Skills:
 + Level 3.2 Fighting
 - Level 9.0 Ranged Weapons
 - Level 1.7 Dodging
 - Level 0.7 Stealth


You had 7 spell levels left.
You didn't know any spells.
Your spell library contained the following spells:

 Spells                   Type           Power      Damage    Failure   Level
 Ensorcelled Hibernation  Hex/Ice        0%         N/A       65%         2
 Passwall                 Erth           0%         N/A       86%         3
 Swiftness                Air            0%         N/A       86%         3


Dungeon Overview and Level Annotations

Branches:
Dungeon (6/15)             Temple (1/1) D:4

Altars:
Ashenzari
Cheibriados
Dithmenos
Fedhas
Gozag
Hepliaklqana
Kikubaaqudgha
Okawaru
Ru
Sif Muna
Trog
Uskayaw
Vehumet
Wu Jian
Xom
Yredelemnul
Zin
The Shining One

Annotations:
D:3 2 runed translucent doors, Arkalis's ghost, amateur MiCK


Innate Abilities, Weirdness & Mutations

You can wield a second weapon in your off-hand.
It takes a long time for you to wield or remove held weapons.
Your first few attacks do less damage.
You cannot equip rings or amulets.


Message History

You shoot a sling bullet.
The sling bullet hits the orc warrior but does no damage.
The orc warrior is severely wounded.
The orc warrior hits you from afar with a +0 glaive!!
You are too injured to fight recklessly!
Unknown command.
You are too injured to fight recklessly!
You are too injured to fight recklessly!
Unknown command.
You are too injured to fight recklessly!
You are too injured to fight recklessly!
Unknown command.
Fire: a) +2 sling {Mei}
Press: ? - help, Q - select action, (/) - cycle Shift-Dir - straight line, f/p - orc warrior
Aim: an orc warrior, wielding a +0 glaive and wearing a +0 plate armour (severely wounded, 67% to hit)
You shoot a sling bullet.
The sling bullet hits the orc warrior but does no damage.
The orc warrior is severely wounded.
You shoot a sling bullet.
The sling bullet barely misses the orc warrior.
The orc warrior barely misses you.
Fire: a) +2 sling {Mei}
Press: ? - help, Q - select action, (/) - cycle Shift-Dir - straight line, f/p - orc warrior
Aim: an orc warrior, wielding a +0 glaive and wearing a +0 plate armour (severely wounded, 67% to hit)
You shoot a sling bullet.
The sling bullet closely misses the orc warrior.
You shoot a sling bullet.
The sling bullet barely misses the orc warrior.
The orc warrior hits you from afar with a +0 glaive.
* * * LOW HITPOINT WARNING * * *
Fire: a) +2 sling {Mei}
Press: ? - help, Q - select action, (/) - cycle Shift-Dir - straight line, f/p - orc warrior
Aim: an orc warrior, wielding a +0 glaive and wearing a +0 plate armour (severely wounded, 67% to hit)
You shoot a sling bullet. The sling bullet hits the orc warrior.
The orc warrior is severely wounded.
You shoot a sling bullet.
The sling bullet hits the orc warrior but does no damage.
The orc warrior is severely wounded.
The orc warrior hits you from afar with a +0 glaive!
You die...

..........o.
....... .
........... #.?....
. .....o.c.#
.......#. ......#
........## #....#
.........# #<..#
.........###....#
....?.....#))....#
.......@.o))##....#
.......))...#
##....
......[...).# #....
.............# ##..
..............# #.
..............#
..............#
..............#


You could see an orc warrior.

Vanquished Creatures
  Sigmund (D:5)
  2 centaurs
  2 scorpions (D:5)
  2 jellies
  2 bombardier beetles
  2 hounds
  An orc priest (D:6)
  3 iguanas
  5 orc wizards
  4 gnolls
  3 adders
  A shadow imp (D:5)
  13 orcs
  3 endoplasms
  2 giant cockroaches (D:1)
  11 goblins
  5 hobgoblins
  3 jackals (D:2)
  4 quokkas
  6 ball pythons
  5 bats (D:2)
  3 frilled lizards (D:1)
  5 kobolds
  4 rats
92 creatures vanquished.

Notes
Turn   | Place    | Note
-------+----------+-------------------------------------------
     0 | D:1      | Biggs the Coglin Hunter began the quest for the Orb.
     0 | D:1      | Reached XP level 1. HP: 16/16 MP: 1/1
    82 | D:1      | Reached skill level 4 in Ranged Weapons
    82 | D:1      | Reached XP level 2. HP: 4/22 MP: 2/2
   164 | D:1      | Found a faded altar of an unknown god.
   497 | D:1      | Reached XP level 3. HP: 27/27 MP: 3/3
  1178 | D:2      | Reached skill level 5 in Ranged Weapons
  1178 | D:2      | Reached XP level 4. HP: 33/33 MP: 4/4
  1461 | D:3      | Found a runed translucent door.
  1466 | D:3      | Noticed Arkalis's ghost (amateur MiCK)
  1490 | D:3      | Found a runed translucent door.
  1557 | D:3      | Reached XP level 5. HP: 38/38 MP: 5/5
  1954 | D:4      | Reached skill level 6 in Ranged Weapons
  2019 | D:4      | Found a basalt altar of Yredelemnul.
  2019 | D:4      | Found a broken altar of Ashenzari.
  2126 | D:4      | Found a staircase to the Ecumenical Temple.
  2152 | Temple   | Entered the Ecumenical Temple
  2172 | Temple   | Became a worshipper of Warmaster Okawaru
  2271 | D:4      | Reached XP level 6. HP: 44/44 MP: 6/6
  2528 | D:5      | Entered Level 5 of the Dungeon
  2731 | D:5      | Reached skill level 7 in Ranged Weapons
  2752 | D:5      | Noticed Sigmund
  2758 | D:5      | Killed Sigmund
  2758 | D:5      | Reached * piety under Okawaru
  2759 | D:5      | Reached XP level 7. HP: 45/50 MP: 7/7
  2783 | D:5      | Found an ornate altar of the Wu Jian Council.
  2963 | D:5      | Reached skill level 8 in Ranged Weapons
  3435 | D:5      | Found a blossoming altar of Fedhas.
  3482 | D:6      | Reached XP level 8. HP: 31/56 MP: 8/8
  3637 | D:6      | Reached skill level 9 in Ranged Weapons
  3656 | D:6      | Slain by an orc warrior

Illustrated notes

Levels and vault maps discovered:
D:1:      heliophobic_arrival_enchanted_forest, layout_basic,
          basic_ecumenical_altar
D:2:      layout_rooms
D:3:      layout_basic, ebering_ghost_sewer_f
D:4:      layout_cave_pools, mainiacjoe_overflow_large_starburst,
          minmay_temple_entry_ruins, serial_library_regret_index_double_sided
D:5:      kennysheep_spiral_hall, layout_loops_ring, fedhas_altar_4,
          mainiacjoe_overflow_small_starburst, uniq_sigmund
D:6:      layout_cave_pods, uniq_blork_the_orc
Temple:   jpeg_temple_clearing

Skill      XL: |  1  2  3  4  5  6  7  8 |
---------------+-------------------------+-----
Ranged Weapons | 4 5 6 7 8 9 |  9.0
Fighting       | 3 |  3.2
Dodging        | |  1.7
Stealth        | |  0.7

Action                     |  1- 3 |  4- 6 |  7- 9 || total
---------------------------+-------+-------+-------++-------
   Fire: Sling             |   144 |   212 |   130 ||   486
 Armour: Leather armour    |     7 |    19 |    19 ||    45
  Dodge: Dodged            |    12 |    16 |     8 ||    36

Table legend: (Time is in decaauts)
 A = Elapsed time spent in this place.
 B = Non-inter-level travel time spent in this place.
 C = Inter-level travel time spent in this place.
 D = Time resting spent in this place.
 E = Time spent auto-exploring this place.
 F = Levels seen in this place.
 G = Mean time per level.
                   A        B        C        D        E       F      G
               +--------+--------+--------+--------+--------+-----+--------+
         Total |   3688 |   3546 |    142 |    132 |   2963 |   7 |  526.9 |
       Dungeon |   3647 |   3543 |    104 |    132 |   2963 |   6 |  607.8 |
        Temple |     40 |      2 |     38 |      0 |      0 |   1 |   40.0 |
               +--------+--------+--------+--------+--------+-----+--------+

Top non-repeatable levels by time:
     D:5: 1103 daAuts
     D:1: 909 daAuts
     D:4: 575 daAuts
     D:2: 558 daAuts
     D:3: 471 daAuts
  Temple: 40 daAuts
     D:6: 28 daAuts
